 Dungeon Crawl Stone Soup version 0.26-a0-651-gb41185065b (webtiles) character file.

Game seed: 14534790029376480464

12770 Mesmaeker13 the Slinger (level 12, 0/84 (85) HPs)
             Began as a Halfling Hunter on Oct 31, 2020.
             Slain by a blink frog (14 damage)
             ... on level 1 of the Lair of Beasts.
             The game lasted 00:25:04 (15398 turns).

Mesmaeker13 the Slinger (Halfling Hunter)          Turns: 15398, Time: 00:25:04

HP:   0/84 (85)     AC:  7    Str: 15    XL:     12   Next: 24%
MP:   12/12         EV: 24    Int: 13    God:
Gold: 681           SH:  0    Dex: 20    Spells: 9/11 levels left

rFire    . . .     SeeInvis +   J - +9 dagger of Bodi {vamp, *Noise Str+2 Dex+4}
rCold    . . .     Faith    .   (shield restricted)
rNeg     . . .     Spirit   .   o - +1 steam dragon scales
rPois    .         Reflect  .   j - +0 helmet
rElec    .         Harm     .   (no cloak)
rCorr    +         Rampage  .   (no gloves)
MR       .....                  (no boots)
Stlth    +++.......             x - amulet of the acrobat
HPRegen  0.24/turn              u - ring of see invisible
MPRegen  0.13/turn              y - ring of resist corrosion

@: no status effects
A: small, mutation resistance 1
a: no special abilities


You were on level 1 of the Lair of Beasts.
You visited 2 branches of the dungeon, and saw 12 of its levels.
You also visited: Ossuary.

You collected 681 gold pieces.

Inventory:

Hand Weapons
 a - a +1 hunting sling
 F - a +3 falchion
 J - the +9 dagger of Bodi (weapon) {vamp, *Noise Str+2 Dex+4}
   (You found it on level 10 of the Dungeon)

   It inflicts no extra harm, but heals its wielder when it wounds a living foe.
   It affects your strength (+2).
   It affects your dexterity (+4).
   It may make noises in combat.
Missiles
 d - 47 sling bullets
 i - 267 stones (quivered)
Armour
 j - a +0 helmet (worn)
 o - +1 steam dragon scales (worn)
Jewellery
 s - an uncursed ring of ice
 u - a ring of see invisible (left hand)
 x - an amulet of the acrobat (around neck)
 y - a ring of resist corrosion (right hand)
 K - an uncursed ring of protection from magic {unknown}
Wands
 q - a wand of acid (6)
 B - a wand of disintegration (12)
 E - a wand of polymorph (11)
Scrolls
 b - 2 scrolls of fog
 e - 3 scrolls of teleportation
 f - a scroll of fear
 g - 2 scrolls of magic mapping
 n - 4 scrolls of remove curse
 r - a scroll of enchant weapon {unknown}
 v - 2 scrolls of enchant armour {unknown}
 w - 5 scrolls of immolation
 A - a scroll of amnesia {unknown}
 C - a scroll of blinking {unknown}
 G - a scroll of silence {unknown}
 I - a scroll of acquirement {unknown}
 L - a scroll of identify
Potions
 c - 2 potions of ambrosia {unknown}
 h - 8 potions of haste
 k - 6 potions of curing {unknown}
 m - 4 potions of lignification {unknown}
 p - 2 potions of flight {unknown}
 t - a potion of cancellation {unknown}
 z - a potion of stabbing {unknown}
 D - a potion of brilliance {unknown}
 H - a potion of magic {unknown}
Miscellaneous
 l - a phantom mirror


   Skills:
 + Level 9.2 Fighting
 - Level 10.0 Short Blades
 - Level 12.0 Slings
 + Level 10.8 Dodging
 + Level 4.5 Stealth
 + Level 3.9 Hexes


You had 9 spell levels left.
You knew the following spells:

 Your Spells              Type           Power        Failure   Level
a - Animate Skeleton      Necr           #.....       30%         1
b - Corona                Hex            ##.....      6%          1

Your spell library contained the following spells:

 Spells                   Type           Power        Failure   Level
 Apportation              Tloc           #.....       30%         1
 Summon Small Mammal      Summ           #...         30%         1


Dungeon Overview and Level Annotations

Branches:
Dungeon (10/15)            Temple (0/1) D:5            Lair (2/6) D:8
    Orc (0/2) D:9         Ossuary (visited)
  Swamp: Lair:2-4    Shoals: Lair:2-4     Snake: Lair:2-4    Spider: Lair:2-4

Altars:
Ashenzari
Elyvilon
Fedhas
Kikubaaqudgha
Okawaru
Qazlal
Trog


Innate Abilities, Weirdness & Mutations

You are small and have problems with some larger weapons.
You are somewhat resistant to further mutation.


Message History

The bolt of acid misses the blink frog.
The blink frog completely misses you.
Unknown command.
You hit the blink frog.
The blink frog is moderately wounded.
The blink frog hits you!
* * * LOW HITPOINT WARNING * * *
You barely miss the blink frog.
The blink frog is lightly wounded.
You closely miss the blink frog.
The blink frog is lightly wounded.
The blink frog completely misses you.
Evoke which item? (* to show all) (? for menu, Esc to quit)
Aiming: Corrosive Bolt
Press: ? - help, Shift-Dir - straight line, f/p - blink frog
Aim: a blink frog (lightly wounded)
The bolt of acid hits the blink frog!
The blink frog is splashed with acid.
The acid corrodes the blink frog!
The blink frog is severely wounded.
The blink frog hits you!
You die...

..............+..................
..............#...#..............
..............#+###..............
...########................#..###
...#......#.########......|.....#
...P........#......'......#.....#
..........#.#.............#.....#
............#..>...#......#.....'
...##.####..#..F@..#......+.....#
...................#......####..#
..+#........#......#.............
+...........#.+#####.............
#.....................##.###.....
...#.......................+.....
#..#....##.##....................
.###..................##.PP#.....
........#....#................#.#


You could see a blink frog (corroded).

Vanquished Creatures
  A hydra (Lair:1)
  Pikel (D:6)
  A black mamba (Lair:1)
  3 cane toads (Lair:1)
  A centaur skeleton (D:10)
  Maggie (D:10)
  2 komodo dragons (Lair:1)
  A troll (D:10)
  Grinder (D:3)
  A hippogriff (D:7)
  19 yaks
  A basilisk (Lair:1)
  3 water moccasins
  3 porcupines
  4 sky beasts
  2 black bears (D:8)
  5 orc warriors
  6 ogres
  A phantom (D:5)
  A necrophage (D:9)
  4 centaurs
  A lemure (D:6)
  3 crocodiles (Lair:1)
  8 bullfrogs
  An elf zombie (Ossuary)
  A water moccasin zombie (D:7)
  A water moccasin skeleton (D:7)
  2 scorpions (D:8)
  13 wights
  4 killer bees (D:9)
  2 howler monkeys (D:7)
  3 centaur zombies
  2 bullfrog zombies
  5 hounds
  2 quasits
  3 bullfrog skeletons
  9 orc priests
  7 orc wizards
  Ijyb (D:3)
  An iguana (D:5)
  7 worker ants
  A killer bee zombie (D:7)
  3 big kobold zombies (Ossuary)
  3 mummies
  A howler monkey zombie (D:7)
  3 worker ant zombies
  A gnoll (D:4)
  A howler monkey skeleton (D:8)
  6 adders
  A shadow imp (D:8)
  A white imp (D:6)
  An ufetubus (D:10)
  An ooze (D:4)
  An adder skeleton (D:5)
  6 adder zombies
  2 worms
  A dart slug (D:2)
  3 leopard geckos
  36 orcs
  4 bats
  A bat skeleton (D:2)
  A bat zombie (D:2)
  10 giant cockroaches
  2 goblins (D:2)
  5 hobgoblins
  3 jackals (D:2)
  9 kobolds
  A quokka (D:10)
  A ball python skeleton (D:2)
  4 frilled lizards
  10 hobgoblin zombies (Ossuary)
  2 jackal skeletons
  8 kobold zombies (Ossuary)
  A leopard gecko skeleton (D:2)
  3 leopard gecko zombies
  8 orc zombies (Ossuary)
  2 quokka skeletons
  A quokka zombie (D:7)
  3 rats
  A rat zombie (Ossuary)
290 creatures vanquished.

Vanquished Creatures (others)
  14 fungi
  11 plants
  3 withered plants (D:2)
28 creatures vanquished.

Grand Total: 318 creatures vanquished

Notes
Turn   | Place    | Note
-------+----------+-------------------------------------------
     0 | D:1      | Mesmaeker13 the Halfling Hunter began the quest for the
                  | Orb.
     0 | D:1      | Reached XP level 1. HP: 14/14 MP: 1/1
   240 | D:1      | Reached skill level 6 in Slings
   240 | D:1      | Reached XP level 2. HP: 18/19 MP: 2/2
   252 | D:1      | Reached skill level 1 in Short Blades
   650 | D:2      | Reached XP level 3. HP: 24/24 MP: 3/3
  1247 | D:2      | Reached XP level 4. HP: 9/30 MP: 4/4
  2331 | D:3      | Noticed Ijyb
  2332 | D:3      | Noticed Grinder
  2374 | D:3      | Killed Ijyb
  2374 | D:3      | Reached XP level 5. HP: 35/35 MP: 5/5
  2532 | D:3      | Killed Grinder
  2532 | D:3      | Reached skill level 7 in Slings
  2532 | D:3      | Reached XP level 6. HP: 42/42 MP: 6/6
  3098 | D:4      | Noticed an ogre
  3100 | D:4      | Noticed an ogre
  3103 | D:4      | Killed an ogre
  3103 | D:4      | Reached XP level 7. HP: 38/46 MP: 7/7
  3745 | D:4      | Reached skill level 8 in Slings
  4132 | D:4      | Reached XP level 8. HP: 54/54 MP: 8/8
  4188 | D:4      | Reached skill level 5 in Dodging
  4472 | D:4      | Found a bloodstained altar of Trog.
  4473 | D:4      | Found an iron altar of Okawaru.
  4479 | D:4      | Reached skill level 5 in Short Blades
  4653 | D:5      | Entered Level 5 of the Dungeon
  4909 | D:5      | Found a staircase to the Ecumenical Temple.
  5109 | D:5      | Reached skill level 9 in Slings
  5707 | D:5      | Reached skill level 5 in Fighting
  5905 | D:5      | Reached XP level 9. HP: 53/61 MP: 9/9
  6825 | D:6      | Noticed Pikel
  6846 | D:6      | Killed Pikel
  6846 | D:6      | Reached skill level 10 in Slings
  7461 | D:7      | Found a sand-covered staircase.
  7572 | Ossuary  | Entered an ossuary
  8473 | D:7      | Noticed a hippogriff
  8518 | D:7      | Killed a hippogriff
  8867 | D:7      | Found a stormy altar of Qazlal.
  8931 | D:7      | Reached XP level 10. HP: 51/68 MP: 10/10
  9210 | D:7      | Reached skill level 11 in Slings
 10514 | D:8      | Found a staircase to the Lair.
 10521 | D:8      | Found a broken altar of Ashenzari.
 11060 | D:9      | Found a white marble altar of Elyvilon.
 11060 | D:9      | Found an ancient bone altar of Kikubaaqudgha.
 11352 | D:9      | Found a staircase to the Orcish Mines.
 11745 | D:9      | Reached skill level 12 in Slings
 11873 | D:9      | Reached XP level 11. HP: 67/74 MP: 11/11
 12144 | D:9      | You fall into a shaft and drop 1 floor!
 12144 | D:10     | Entered Level 10 of the Dungeon
 12392 | D:10     | Got a dazzling dagger
 12393 | D:10     | Identified the +9 dagger of Bodi {vamp, *Noise Str+2 Dex+4}
                  | (You found it on level 10 of the Dungeon)
 12568 | D:10     | Reached skill level 10 in Short Blades
 12571 | D:10     | Learned a level 1 spell: Animate Skeleton
 12573 | D:10     | Learned a level 1 spell: Corona
 12642 | D:10     | Reached skill level 1 in Hexes
 12964 | D:10     | Reached skill level 10 in Dodging
 13158 | D:10     | Noticed Maggie
 13203 | D:10     | Killed Maggie
 13499 | D:9      | Found a blossoming altar of Fedhas.
 13528 | Lair:1   | Entered Level 1 of the Lair of Beasts
 14073 | Lair:1   | Reached XP level 12. HP: 84/84 MP: 12/12
 14510 | Lair:1   | Noticed a five-headed hydra
 14655 | Lair:1   | Killed a five-headed hydra
 15398 | Lair:1   | Slain by a blink frog

Illustrated notes

Levels and vault maps discovered:
D:1:      ncdulo_wetmaze, layout_rooms, serial_forest,
          infiniplex_forest_straight_2, infiniplex_forest_lined_room_,
          infiniplex_forest_straight_2, infiniplex_forest_straight_1,
          infiniplex_forest_zigzag_1, infiniplex_forest_clump_long,
          infiniplex_forest_fountain, minivault_23, minmay_tetromino_t2
D:2:      layout_basic, serial_undead, serial_undead_c, serial_undead_c,
          serial_undead_e, serial_undead_d, serial_undead_f, serial_undead_d,
          kennysheep_nub
D:3:      layout_basic, uniq_ijyb, uniq_grinder
D:4:      layout_layer_cave, grunt_temple_overflow_bloody_war
D:5:      minmay_diamond_boxcup, layout_rooms,
          minmay_temple_entry_drinking_statues
D:6:      layout_cave_pods, moated_statue, uniq_pikel
D:7:      layout_basic, grunt_qazlal_clouds, gup_ossuary_entry_pyramid
D:8:      layout_basic, lemuel_crystal_altar, grunt_lair_entry_orc_guard_hut
D:9:      kennysheep_windowed_halls, layout_long_grid, minitemple,
          hangedman_little_slice_of_home
D:10:     layout_irregular_city, uniq_maggie
Lair:1:   layout_chaotic_city
Lair:2:   layout_cave_pods

Skill      XL: |  1  2  3  4  5  6  7  8  9 10 11 12 |
---------------+-------------------------------------+-----
Slings         | 6 7 8 9 10 12 | 12.0
Fighting       | 2 3 4 5 6 7 9 |  9.2
Short Blades   | 1 2 3 4 6 7 9 10 | 10.0
Dodging        | 3 4 6 7 8 10 | 10.8
Hexes          | 3 |  3.9
Stealth        | 3 4 |  4.5

Action                   |  1- 3 |  4- 6 |  7- 9 | 10-12 || total
-------------------------+-------+-------+-------+-------++-------
Melee: Short sword       |    98 |    92 |   433 |   306 ||   929
       Hunting sling     |       |       |     3 |       ||     3
       Dagger            |       |       |       |   401 ||   401
 Fire: Hunting sling     |     4 |    18 |   140 |   129 ||   291
 Cast: Corona            |       |       |       |     1 ||     1
Evoke: Wand              |       |       |     1 |    20 ||    21
  Use: Scroll            |       |     3 |     6 |     2 ||    11
 Stab: Sleeping          |     1 |     4 |     4 |       ||     9
Armor: Leather armour    |    28 |    19 |    64 |    14 ||   125
       Ring mail         |       |       |     2 |       ||     2
       Steam dragon scal |       |       |       |    12 ||    12
Dodge: Dodged            |    98 |    53 |   381 |   437 ||   969

Table legend: (Time is in decaauts)
 A = Elapsed time spent in this place.
 B = Non-inter-level travel time spent in this place.
 C = Inter-level travel time spent in this place.
 D = Time resting spent in this place.
 E = Time spent auto-exploring this place.
 F = Levels seen in this place.
 G = Mean time per level.
                   A        B        C        D        E       F      G
               +--------+--------+--------+--------+--------+-----+--------+
         Total |  14912 |  14539 |    373 |   5945 |   5704 |  13 | 1147.1 |
       Dungeon |  12292 |  11946 |    346 |   4705 |   5022 |  10 | 1229.2 |
          Lair |   1797 |   1770 |     27 |    999 |    547 |   2 |  898.5 |
       Ossuary |    823 |    823 |      0 |    241 |    135 |   1 |  823.0 |
               +--------+--------+--------+--------+--------+-----+--------+

Top non-repeatable levels by time:
  Lair:1: 1785 daAuts
     D:8: 1619 daAuts
     D:3: 1449 daAuts
     D:2: 1436 daAuts
     D:7: 1367 daAuts
     D:5: 1357 daAuts
     D:6: 1354 daAuts
    D:10: 1199 daAuts
     D:4: 1101 daAuts
 Ossuary: 823 daAuts
     D:9: 751 daAuts
     D:1: 655 daAuts
  Lair:2: 12 daAuts
